 Dungeon Crawl Stone Soup version 0.28.0-53-g5a82cb258f (webtiles) character file.

Game seed: 12008515582508434470

22225 Godmorgon the Basher (level 12, 0/111 HPs)
             Began as a Minotaur Fighter on Aug 12, 2022.
             Was a High Priest of Zin.
             Slain by a seven-headed hydra (3 damage)
             ... on level 6 of the Lair of Beasts on Aug 13, 2022.
             The game lasted 00:53:18 (14688 turns).

Godmorgon the Basher (Minotaur Fighter)            Turns: 14688, Time: 00:53:18

Health: 0/111      AC: 16    Str: 26    XL:     12   Next: 61%
Magic:  17/17      EV:  8    Int:  5    God:    Zin [*****.]
Gold:   681        SH:  5    Dex: 16    Spells: 11/11 levels left

rFire   + . .      SeeInvis .   a - +2 flail
rCold   . . .      Faith    .   c - +0 buckler
rNeg    . . .      Spirit   .   o - +0 chain mail
rPois   .          Reflect  .   (helmet restricted)
rElec   .          Harm     .   O - +0 cloak
rCorr   .          Rampage  .   T - +0 pair of gloves
Will    .....                   P - +0 pair of boots
Stlth   ..........              J - amulet of regeneration
HPRegen 1.08/turn               q - ring of protection from fire
MPRegen 0.15/turn               r - +6 ring of dexterity

@: mighty
A: horns 2, retaliatory headbutt
a: Renounce Religion, Recite, Vitalisation, Imprison, Sanctuary, Donate Gold


You were on level 6 of the Lair of Beasts.
You worshipped Zin.
Zin was extremely pleased with you.
You visited 3 branches of the dungeon, and saw 15 of its levels.

You collected 756 gold pieces.
You donated 75 gold pieces to Zin.

Inventory:

Hand Weapons
 a - a +2 flail (weapon)
Missiles
 m - 2 atropa-tipped darts
 u - 14 boomerangs
 C - 13 poisoned darts (quivered)
 L - 6 javelins
 Q - 5 curare-tipped darts
 U - 2 silver boomerangs
Armour
 b - a +0 plate armour
 c - a +0 buckler (worn)
 o - a +0 chain mail (worn)
 O - a +0 cloak (worn)
 P - a +0 pair of boots (worn)
 T - a +0 pair of gloves (worn)
Jewellery
 q - a ring of protection from fire (left hand)
 r - a +6 ring of dexterity (right hand)
 s - a ring of positive energy
 w - a ring of ice
 G - a ring of protection from fire
 J - an amulet of regeneration (around neck)
 R - a ring of resist corrosion
Wands
 e - a wand of paralysis (5)
 x - a wand of flame (25)
 F - a wand of charming (6)
 I - a wand of digging (1)
 N - a wand of iceblast (5)
Scrolls
 f - a scroll of enchant weapon {unknown}
 j - 6 scrolls of teleportation
 l - 2 scrolls of fear {unknown}
 n - 2 scrolls of vulnerability {unknown}
 t - 2 scrolls of magic mapping
 v - 2 scrolls of immolation {unknown}
 y - 3 scrolls of blinking
 B - 2 scrolls of enchant armour {unknown}
 M - 2 scrolls of fog {unknown}
 V - 2 scrolls of noise {unknown}
Potions
 d - a potion of might
 g - 2 potions of resistance
 h - a potion of haste {unknown}
 i - 2 potions of ambrosia
 k - 3 potions of berserk rage {unknown}
 p - 5 potions of magic
 z - 2 potions of flight {unknown}
 A - 4 potions of heal wounds {unknown}
 D - a potion of brilliance {unknown}
 E - a potion of curing
 H - a potion of cancellation {unknown}
 K - a potion of mutation {unknown}
 S - a potion of lignification


   Skills:
 + Level 11.7 Fighting
 - Level 14.0 Maces & Flails
 + Level 8.8 Throwing
 + Level 11.7 Armour
 - Level 5.0 Shields
 + Level 8.0 Invocations


You had 11 spell levels left.
You didn't know any spells.
Your spell library was empty.

Dungeon Overview and Level Annotations

Branches:
Dungeon (8/15)             Temple (1/1) D:5            Lair (6/6) D:8
  Swamp (0/4) Lair:2        Snake (0/4) Lair:2        Slime (0/5) Lair:6

Altars:
Ashenzari
Cheibriados
Dithmenos
Elyvilon
Fedhas
Gozag
Hepliaklqana
Kikubaaqudgha
Makhleb
Nemelex Xobeh
Okawaru
Ru
Sif Muna
Trog
Uskayaw
Vehumet
Wu Jian
Xom
Yredelemnul
Zin
The Shining One

Shops:
D:1 (   D:5 [

Annotations:
D:7 2 transporters, DemonSlayer's ghost, novice DsFE
Lair:2 1 runed translucent door


Innate Abilities, Weirdness & Mutations

You have a pair of horns on your head.
You reflexively headbutt those who attack you in melee.


Message History

The wolf bites you but does no damage.
You sock the wolf!
The wolf is heavily wounded.
The wolf bites you.
* * * LOW HITPOINT WARNING * * *
The elephant tramples you.
* * * LOW HITPOINT WARNING * * *
You hold your ground!
You block the elephant's attack. The wolf bites you but does no damage.
The wolf bites you.
* * * LOW HITPOINT WARNING * * *
Blink to where?
Press: ? - help, Dir - move target
As you read the scroll of blinking, it crumbles to dust.
The elephant trumpets!
The water moccasin bites you but does no damage.
The water moccasin closely misses you. The wolf bites you but does no damage.
The elephant closely misses you.
The elephant trunk-slaps you but does no damage.
You climb downwards.
You hear a distant snort.
Hark!
There is a gateway to a gauntlet on this level.
Find the entrance quickly before the gate is sealed!
You hear the beating of a very distant drum.
The seven-headed hydra bites you but does no damage. x2
The seven-headed hydra closely misses you.
The seven-headed hydra misses you. The seven-headed hydra bites you!
* * * LOW HITPOINT WARNING * * *
You block the seven-headed hydra's attack.
The seven-headed hydra bites you.
* * * LOW HITPOINT WARNING * * *
The yak gores you but does no damage.
The six-headed hydra bites you but does no damage.
The six-headed hydra barely misses you. The six-headed hydra bites you!
* * * LOW HITPOINT WARNING * * *
The six-headed hydra barely misses you. The six-headed hydra bites you.
* * * LOW HITPOINT WARNING * * *
The six-headed hydra bites you but does no damage.
You block the seven-headed hydra's attack.
The seven-headed hydra barely misses you.
The seven-headed hydra bites you.
You die...

,,,,*,,,,,,,,,,,,,,*
,,⌠.+..........?..#*
,#.S.....?.........*
,#..#............#**
,#...............#
,#P..............#
##.............YY#
#...........D..DY#
#............kSD@#
.#.............YS#*
.................P#*
...................#
..###.##.#####..####
### ###### ####**
***** **,,**
****,,,* *,,,,*
*,,,,,,** **,,,,*


You could see 2 seven-headed hydras, a six-headed hydra, an elephant, a
lindwurm, 3 yaks and 2 water moccasins.

Vanquished Creatures
  Fannar (Lair:2)
  2 hydras
  A boulder beetle (Lair:4)
  A two-headed ogre (D:6)
  2 catoblepae
  Nergalle (Lair:4)
  3 black mambas
  8 cane toads
  2 rime drakes (Lair:3)
  4 komodo dragons
  A hornet (D:5)
  2 tyrant leeches (Lair:2)
  10 blink frogs
  4 wyverns
  2 basilisks
  21 yaks
  Menkaure (D:5)
  4 swamp worms
  6 water moccasins
  An ice beast (D:7)
  2 orc warriors
  A hornet zombie (D:7)
  A black bear (D:7)
  2 sky beasts
  6 necrophages
  17 wolves
  A kobold brigand (D:8)
  7 bullfrogs
  A wyvern zombie (D:6)
  A scorpion (D:5)
  A water moccasin zombie (D:5)
  A wyvern skeleton (D:6)
  6 killer bees
  10 wights
  A bullfrog zombie (D:5)
  4 centaur zombies
  3 hounds
  3 jellies
  4 orc priests
  A bullfrog skeleton (D:6)
  4 iguanas
  3 orc wizards
  7 hell rats (Lair:3)
  A statue (D:8)
  3 killer bee zombies (D:8)
  2 hound skeletons
  A mummy (D:8)
  Robin (D:3)
  2 howler monkey zombies (D:8)
  4 gnolls
  7 adders
  2 shadow imps
  A white imp (D:5)
  An adder zombie (D:5)
  2 worms (D:2)
  2 dart slugs
  16 orcs
  7 ball pythons
  4 bats
  6 endoplasms
  5 giant cockroaches
  22 goblins
  7 hobgoblins
  5 jackals
  12 kobolds
  3 quokkas
  6 frilled lizards
  4 rats
290 creatures vanquished.

Vanquished Creatures (others)
  15 fungi
  15 plants
  3 withered plants (D:8)
33 creatures vanquished.

Grand Total: 323 creatures vanquished

Notes
Turn   | Place    | Note
-------+----------+-------------------------------------------
     0 | D:1      | Godmorgon the Minotaur Fighter began the quest for the Orb.
     0 | D:1      | Reached XP level 1. HP: 19/19 MP: 0/0
    46 | D:1      | Reached XP level 2. HP: 17/27 MP: 1/1
   176 | D:1      | Found Vioh's Antique Weapon Shop.
   209 | D:1      | Reached skill level 3 in Maces & Flails
   838 | D:2      | Reached XP level 3. HP: 33/33 MP: 2/2
  1118 | D:2      | Found a faded altar of an unknown god.
  1279 | D:2      | Reached skill level 1 in Throwing
  1297 | D:2      | Reached XP level 4. HP: 40/40 MP: 3/3
  1441 | D:2      | Found an ancient bone altar of Kikubaaqudgha.
  1648 | D:3      | Noticed Robin
  1673 | D:3      | Killed Robin
  1856 | D:3      | Found a broken altar of Ashenzari.
  1975 | D:3      | Reached skill level 4 in Maces & Flails
  2292 | D:3      | Reached XP level 5. HP: 45/47 MP: 4/4
  3406 | D:4      | Reached XP level 6. HP: 47/53 MP: 5/5
  3674 | D:4      | Reached skill level 5 in Maces & Flails
  3763 | D:4      | Found a shadowy altar of Dithmenos.
  3829 | D:4      | Reached skill level 5 in Armour
  3830 | D:4      | Reached skill level 5 in Fighting
  3838 | D:4      | Reached skill level 5 in Shields
  4193 | D:5      | Entered Level 5 of the Dungeon
  4345 | D:5      | Noticed a water moccasin
  4358 | D:5      | Killed a water moccasin
  4359 | D:5      | Reached skill level 6 in Maces & Flails
  4359 | D:5      | Reached XP level 7. HP: 48/61 MP: 4/6
  4655 | D:5      | Noticed a hornet
  4662 | D:5      | Killed a hornet
  4663 | D:5      | Reached skill level 7 in Maces & Flails
  4663 | D:5      | Reached XP level 8. HP: 65/70 MP: 7/7
  4714 | D:5      | Found a staircase to the Ecumenical Temple.
  4723 | Temple   | Entered the Ecumenical Temple
  4735 | Temple   | Became a worshipper of Zin the Law-Giver
  4735 | Temple   | Reached * piety under Zin
  4877 | D:5      | Noticed Menkaure
  4884 | D:5      | Killed Menkaure
  5286 | D:5      | Reached skill level 8 in Maces & Flails
  5518 | D:5      | Found Vuid's Armour Boutique.
  5648 | D:5      | Found an iron altar of Okawaru.
  5649 | D:5      | Found the +5 demon whip "Spellbinder" {antimagic, Will+}
  6106 | D:6      | Reached skill level 1 in Invocations
  6317 | D:6      | Reached ** piety under Zin
  6358 | D:6      | Reached XP level 9. HP: 59/79 MP: 5/9
  6490 | D:6      | Reached skill level 9 in Maces & Flails
  6567 | D:6      | Noticed a two-headed ogre
  6600 | D:6      | Killed a two-headed ogre
  6601 | D:6      | Reached skill level 5 in Throwing
  7359 | D:7      | Noticed a moth of wrath
  7361 | D:7      | Noticed a two-headed ogre
  7364 | D:7      | Found a bloodstained altar of Trog.
  7365 | D:7      | Noticed DemonSlayer's ghost (novice DsFE)
  7370 | D:7      | Found a transporter.
  7375 | D:7      | Found a transporter.
  7477 | D:7      | Reached skill level 10 in Maces & Flails
  7769 | D:7      | Reached XP level 10. HP: 86/88 MP: 11/11
  8280 | D:7      | Reached skill level 11 in Maces & Flails
  8491 | D:7      | Found the +3 robe of Clouds {*Thunder rCloud rElec}
  8672 | D:8      | Reached *** piety under Zin
  9193 | D:8      | Found a hazy altar of Hepliaklqana.
  9268 | D:8      | Found a radiant altar of Vehumet.
  9346 | D:8      | Found a staircase to the Lair.
  9839 | Lair:1   | Entered Level 1 of the Lair of Beasts
  9955 | Lair:1   | Noticed a seven-headed hydra
  9979 | Lair:1   | Killed a seven-headed hydra
  9980 | Lair:1   | Reached skill level 12 in Maces & Flails
  9980 | Lair:1   | Reached skill level 5 in Invocations
 10630 | Lair:1   | Reached **** piety under Zin
 10649 | Lair:1   | Noticed a cane toad
 10659 | Lair:1   | Killed a cane toad
 10761 | Lair:1   | Noticed a black mamba
 10768 | Lair:1   | Killed a black mamba
 10769 | Lair:1   | Reached XP level 11. HP: 91/97 MP: 10/13
 11322 | Lair:2   | Found a runed translucent door.
 11337 | Lair:2   | Found a staircase to the Swamp.
 11970 | Lair:2   | Noticed Fannar
 11991 | Lair:2   | Killed Fannar
 11992 | Lair:2   | Reached skill level 13 in Maces & Flails
 12052 | Lair:2   | Found a staircase to the Snake Pit.
 12270 | Lair:3   | Reached skill level 10 in Fighting
 12278 | Lair:3   | Reached skill level 10 in Armour
 12710 | Lair:3   | Reached ***** piety under Zin
 12779 | Lair:3   | Noticed a four-headed hydra
 12791 | Lair:3   | Killed a four-headed hydra
 12962 | Lair:3   | Noticed a catoblepas
 12982 | Lair:3   | Killed a catoblepas
 13178 | Lair:3   | Reached skill level 14 in Maces & Flails
 13202 | Lair:3   | Reached XP level 12. HP: 41/108 MP: 16/16
 13716 | Lair:4   | Noticed a boulder beetle
 13725 | Lair:4   | Noticed Nergalle
 13735 | Lair:4   | Killed a boulder beetle
 13746 | Lair:4   | Killed Nergalle
 14488 | Lair:5   | Noticed an eight-headed hydra
 14506 | Lair:5   | Noticed a catoblepas
 14515 | Lair:5   | Killed a catoblepas
 14569 | Lair:5   | Noticed an eight-headed hydra
 14580 | Lair:6   | Entered Level 6 of the Lair of Beasts
 14619 | Lair:6   | Noticed a seven-headed hydra
 14620 | Lair:6   | Noticed a six-headed hydra
 14624 | Lair:6   | Noticed a seven-headed hydra
 14688 | Lair:6   | HP: 3/111 [six-headed hydra (4)]
 14688 | Lair:6   | Slain by a seven-headed hydra

Illustrated notes

Levels and vault maps discovered:
D:1:      lemuel_arrival_river_bridge, layout_basic, serial_shops, shop
D:2:      layout_loops_cross, hellmonk_ecumenical_altar_zigzags, basic_altar
D:3:      layout_loops_corners, mainiacjoe_overflow_catwalk, uniq_robin
D:4:      layout_gridville, grunt_dithmenos_smoke_and_mirrors
D:5:      layout_cave_pools, okawaru_ov_weapons_minmay,
          minmay_temple_entry_antechambers, serial_shops,
          nicolae_shop_statue_plus, nicolae_concentric_dashed_squares_mild,
          grunt_ministairs_6, uniq_menkaure
D:6:      layout_gridville
D:7:      layout_loops_ring, gammafunk_ghost_wrathful_warriors, worms_lemuel
D:8:      layout_loops_corners, mainiacjoe_overflow_small_starburst,
          vehumet_statue, lair_entry_dummy, serial_undead, serial_undead_a,
          serial_undead_e, serial_undead_a, serial_undead_f
Temple:   nicolae_temple_elliptical
Lair:1:   layout_gridlike, lemuel_fruit_fields
Lair:2:   dreamdust_labyrinth, layout_chaotic_city, minmay_swamp_entry_worms,
          dummy_snake_entry, serial_bayou_shore_b, lemuel_fruit_tree,
          infiniplex_staircase_pool_2, uniq_fannar
Lair:3:   layout_chaotic_city
Lair:4:   layout_regular_city, st_stairs_11, nzn_sisyphean_effort,
          grunt_megastairs_3, uniq_nergalle
Lair:5:   layout_loops_ring, chequers_serial_rivers_small_b, grunt_megastairs_5
Lair:6:   wormcave, layout_regular_city, guppyfry_lair_end_dragon,
          minmay_slime_entry_pillars, gauntlet_entry_generic, ebering_ghost_xom,
          lemuel_fruit_fields, serial_bayou_shore_a, grunt_megastairs_4,
          infiniplex_staircase_pool

Skill      XL: |  1  2  3  4  5  6  7  8  9 10 11 12 |
---------------+-------------------------------------+-----
Maces & Flails | 3 4 6 7 8 10 12 14 | 14.0
Armour         | 4 5 6 7 8 9 10 11 | 11.7
Fighting       | 4 5 6 7 8 9 10 11 | 11.7
Shields        | 4 5 |  5.0
Throwing       | 1 2 3 4 5 6 7 8 |  8.8
Invocations    | 1 3 5 6 8 |  8.0

Action                   |  1- 3 |  4- 6 |  7- 9 | 10-12 || total
-------------------------+-------+-------+-------+-------++-------
Melee: Flail             |    82 |   189 |   190 |   567 ||  1028
       Headbutt          |    11 |    26 |    37 |   138 ||   212
Throw: Dart              |       |       |     5 |     3 ||     8
Invok: Recite            |       |       |     3 |     7 ||    10
       Vitalisation      |       |       |       |    16 ||    16
Evoke: Wand              |       |       |    14 |    11 ||    25
  Use: Scroll            |       |     5 |     1 |     6 ||    12
       Potion            |       |       |     6 |     1 ||     7
 Stab: Confused          |       |       |     1 |       ||     1
Armor: Scale mail        |    54 |    94 |    67 |    37 ||   252
       Chain mail        |       |       |       |   236 ||   236
Dodge: Dodged            |    44 |    78 |   113 |   241 ||   476
Block: Buckler           |    22 |    41 |    56 |   142 ||   261
